 Dungeon Crawl Stone Soup version 0.23.0 (webtiles) character file.

Game seed: 12262695471195344027

18727 MalarOregon the Fighter (level 12, 0/94 HPs)
             Began as a Merfolk Skald on Feb 16, 2019.
             Was an Elder of Hepliaklqana.
             Slain by a six-headed hydra (6 damage)
             ... on level 3 of the Lair of Beasts.
             The game lasted 00:47:19 (19335 turns).

MalarOregon the Fighter (Merfolk Skald)            Turns: 19335, Time: 00:47:19

Health: 0/94       AC:  6    Str: 11    XL:     12   Next: 61%
Magic:  27/27      EV: 18    Int: 18    God:    Hepliaklqana [****..]
Gold:   415        SH:  0    Dex: 13    Spells: 25/33 levels left

rFire    . . .     SeeInvis .   V - +3 trident of Edeb {venom, rElec rPois MR+}
rCold    . . .     Gourm    .   (no shield)
rNeg     . . .     Faith    .   M - +0 troll leather armour
rPois    +         Spirit   .   o - +0 helmet
rElec    +         Reflect  .   z - +0 cloak
rCorr    .         Harm     .   (no gloves)
MR       +....                  (no boots)
Stlth    +.........             (no amulet)
HPRegen  0.65/turn              D - ring of poison resistance
MPRegen  0.20/turn              (no ring)

@: studying Long Blades
A: change form in water, swift swim, stealthy swim, reduced essence
a: Recall Ancestor, Ancestor Identity, Transference, Idealise, Renounce Religion


You were on level 3 of the Lair of Beasts.
You worshipped Hepliaklqana.
Hepliaklqana was greatly pleased with you.
You were not hungry.

You visited 3 branches of the dungeon, and saw 14 of its levels.
You also visited: Ossuary.

You collected 577 gold pieces.
You spent 162 gold pieces at shops.

Inventory:

Hand Weapons
 r - a +2 vampiric halberd {!w}
   (You took it off a naga on level 3 of the Lair of Beasts)
 V - the +3 trident of Edeb (weapon) {venom, rElec rPois MR+}
   (You found it on level 1 of the Lair of Beasts)

   It poisons the flesh of those it strikes.
   It insulates you from electricity.
   It protects you from poison.
   It affects your resistance to hostile enchantments.
Missiles
 R - 218 arrows
 T - a throwing net (quivered) {!f}
Armour
 o - a +0 helmet (worn)
   (You found it on level 1 of the Dungeon)
 z - a +0 cloak (worn)
   (You found it on level 6 of the Dungeon)
 M - a +0 troll leather armour (worn)
   (You found it on level 9 of the Dungeon)
 S - a +0 pair of boots
   (You found it on level 10 of the Dungeon)
 X - a +0 pair of gloves
   (You found it on level 2 of the Lair of Beasts)
Magical Staves
 y - an uncursed staff of power {!a}
   (You found it on level 7 of the Dungeon)
 B - an uncursed staff of death
   (You found it on level 7 of the Dungeon)
 I - an uncursed staff of cold
   (You took it off Fannar on level 9 of the Dungeon)
Jewellery
 D - a ring of poison resistance (left hand)
   (You found it on level 7 of the Dungeon)
 U - an uncursed ring of fire
   (You found it on level 1 of the Lair of Beasts)
Wands
 c - a wand of disintegration (15)
   (You found it on level 8 of the Dungeon)
 d - a wand of iceblast (18)
   (You took it off Ijyb on level 3 of the Dungeon)
 t - a wand of flame (32)
   (You found it on level 2 of the Dungeon)
 u - a wand of paralysis (3)
   (You found it on level 5 of the Dungeon)
 v - a wand of digging (3)
   (You found it on level 8 of the Dungeon)
 x - a wand of acid (14)
   (You found it on level 9 of the Dungeon)
 F - a wand of enslavement (10)
   (You found it on level 8 of the Dungeon)
Scrolls
 f - 9 scrolls of teleportation {@r4}
 g - a scroll of random uselessness {unknown}
 k - a scroll of fog {unknown}
 m - 8 scrolls of remove curse {@r2}
 p - a scroll of fear
 q - 3 scrolls of blinking
 s - 4 scrolls of immolation {!r}
 C - a scroll of enchant weapon {unknown}
 G - 2 scrolls of vulnerability {unknown}
 H - 7 scrolls of identify {@r1}
 J - 2 scrolls of magic mapping {unknown}
 K - 5 scrolls of amnesia
 L - a scroll of noise {unknown}
 N - a scroll of brand weapon {unknown}
 O - 2 scrolls of enchant armour {unknown}
 Q - a scroll of acquirement {unknown}
Potions
 b - 2 potions of degeneration {unknown}
 h - 5 potions of brilliance
 i - 8 potions of curing {@q1}
 j - 2 potions of agility
 n - 2 potions of resistance
 w - 3 potions of flight
 A - a potion of magic
 E - 2 potions of haste {unknown}
 P - 2 potions of heal wounds {@q2}
 W - a potion of invisibility
Books
 l - a manual of Long Blades {!d}
   (You found it on level 4 of the Dungeon)
Comestibles
 a - 6 chunks of flesh
 e - 25 rations {!d}


   Skills:
 - Level 13.1 Fighting
 + Level 11.7 Polearms
 - Level 0.6 Armour
 - Level 10.7 Dodging
 - Level 11.2 Spellcasting
 - Level 3.2 Charms


You had 25 spell levels left.
You knew the following spells:

 Your Spells              Type           Power        Failure   Level  Hunger
e - Regeneration          Chrm/Necr      ###.......   14%         3    None
s - Sticks to Snakes      Tmut           ##......     14%         2    None
t - Spectral Weapon       Hex/Chrm       ###.....     14%         3    None

Your spell library contained the following spells:

 Spells                   Type           Power        Failure   Level  Hunger
 Infusion                 Chrm           ###.         2%          1    None
 Song of Slaying          Chrm           ###.....     3%          2    None
 Shroud of Golubria       Chrm/Tloc      ###.......   7%          2    None
 Beastly Appendage        Tmut           ##....       10%         1    None
 Corona                   Hex            ##.....      10%         1    None
 Ensorcelled Hibernation  Hex/Ice        ##....       14%         2    None
 Confuse                  Hex            ##......     28%         3    None
 Dazzling Spray           Conj/Hex       ##....       28%         3    None
 Spider Form              Tmut/Pois      ##........   28%         3    None
 Tukima's Dance           Hex            ##......     28%         3    None
 Cause Fear               Hex            ##........   67%         4    ##.....
 Ice Form                 Ice/Tmut       ##......     67%         4    ##.....
 Blade Hands              Tmut           ##........   95%         5    ####...
 Silence                  Hex/Air        ##........   95%         5    ####...
 Yara's Violent Unravell  Hex/Tmut       ##........   95%         5    ####...
 Deflect Missiles         Chrm/Air       ###.......   100%        6    ######.
 Discord                  Hex            ##........   100%        8    #######


Dungeon Overview and Level Annotations

Branches:
Dungeon (10/15)            Temple (1/1) D:5            Lair (3/6) D:10
  Swamp (0/4) Lair:3          Orc (0/2) D:9
  Snake: Lair:2-4    Spider: Lair:2-4

Altars:
Ashenzari
Cheibriados
Dithmenos
Elyvilon
Fedhas
Gozag
Hepliaklqana
Kikubaaqudgha
Makhleb
Nemelex Xobeh
Okawaru
Qazlal
Ru
Sif Muna
Trog
Uskayaw
Vehumet
Wu Jian
Xom
Yredelemnul
Zin
The Shining One
Lugonu

Shops:
D:8 :   D:9 (*

Annotations:
Lair:1 2 transporters, Purph's ghost, journeyman MiBe


Message History

The six-headed hydra completely misses you. x2
The six-headed hydra bites you.
The six-headed hydra completely misses you.
You hit the six-headed hydra.
Your spectral weapon hits the six-headed hydra!
The six-headed hydra bites you!
* * * LOW HITPOINT WARNING * * *
The six-headed hydra bites you.
* * * LOW HITPOINT WARNING * * *
The six-headed hydra completely misses you. x2
The six-headed hydra bites you.
* * * LOW HITPOINT WARNING * * *
The six-headed hydra closely misses you.
Unknown command.
You hit the six-headed hydra.
Your spectral weapon hits the six-headed hydra!
The six-headed hydra is poisoned.
You hit the six-headed hydra.
Your spectral weapon hits the six-headed hydra!
The six-headed hydra bites your spectral weapon.
The six-headed hydra bites your spectral weapon!
Your spectral weapon shares its damage with you!
* * * LOW HITPOINT WARNING * * *
The six-headed hydra bites your spectral weapon.
Your spectral weapon shares its damage with you!
Your spectral weapon fades away.
* * * LOW HITPOINT WARNING * * *
The six-headed hydra bites you.
* * * LOW HITPOINT WARNING * * *
The six-headed hydra bites you!
* * * LOW HITPOINT WARNING * * *
The six-headed hydra bites you.
* * * LOW HITPOINT WARNING * * *
Your skin stops crawling.
The six-headed hydra looks more healthy.
The six-headed hydra seems less drained.
You see here a black mamba skeleton.
Your legs become a tail as you enter the water.
The six-headed hydra barely misses you. The six-headed hydra misses you.
The six-headed hydra bites you!
* * * LOW HITPOINT WARNING * * *
The six-headed hydra bites you!
* * * LOW HITPOINT WARNING * * *
The six-headed hydra bites you.
* * * LOW HITPOINT WARNING * * *
The six-headed hydra bites you but does no damage.
As you read the scroll of fear, it crumbles to dust.
You assume a fearsome visage.
The six-headed hydra easily resists.
The six-headed hydra misses you. The six-headed hydra bites you.
You die...

######### ####.#...#.#
#.#§.......# ###
##§§≈§≈....###.###
#..♣§§§♣..###....#
##§§§§§♣..##.#..## #
###§§§§♣§≈...#.....# .#
##..#§.§§≈.........##
..#####....§...D@........#
.....##.................##
....#...............####.##
....................# ##.#
.....÷............### ###
...÷<...............#
...................###
.....................#
.....................#


You could see a six-headed hydra.

Vanquished Creatures
  The ghost of MalarOregon the Grave Robber, a novice MfNe (D:7)
  2 black mambas
  Joseph (Lair:1)
  A centaur skeleton (D:10)
  3 spiny frogs
  A kobold demonologist (D:8)
  3 komodo dragons
  2 bog bodies (Lair:3)
  A hippogriff (Lair:2)
  11 yaks
  A spriggan (D:7)
  Grum (D:9)
  4 nagas (Lair:3)
  Edmund (D:5)
  A warg (D:10)
  A sky beast (D:5)
  An ice beast (D:9)
  A necrophage (D:6)
  4 ogres
  2 black bears
  4 phantoms
  5 centaurs
  3 crocodiles (Lair:1)
  11 wolves
  3 big kobolds (D:8)
  4 bullfrogs
  A scorpion (D:10)
  3 killer bees (D:10)
  3 howler monkeys
  8 crimson imps
  A centaur zombie (D:5)
  2 bullfrog skeletons
  7 hounds
  2 jellies (D:5)
  4 orc priests
  2 orc wizards
  2 iguanas (D:9)
  Ijyb (D:3)
  Natasha (thrice) (D:3)
  3 worker ants
  A hound skeleton (D:8)
  3 mummies (Ossuary)
  A spectral howler monkey (D:7)
  A worker ant zombie (D:7)
  An adder (D:8)
  A howler monkey skeleton (D:5)
  A river rat (Lair:2)
  A white imp (D:6)
  An ooze (D:4)
  An adder zombie (D:7)
  4 adder skeletons
  A worm (D:3)
  A dart slug (D:1)
  An adder simulacrum (D:7)
  2 leopard geckos
  20 orcs
  8 bats
  4 giant cockroaches
  A gnoll zombie (Ossuary)
  5 goblins
  3 hobgoblins
  12 jackals
  4 kobolds
  5 quokkas
  4 frilled lizards
  4 goblin zombies
  3 hobgoblin zombies
  3 kobold zombies
  A leopard gecko zombie (D:7)
  An orc zombie (D:6)
  A quokka skeleton (D:8)
  10 rats
225 creatures vanquished.

Vanquished Creatures (collateral kills)
  Fannar (D:9)
  2 two-headed ogres (D:9)
  3 spiny frogs
  A troll (D:9)
  4 yaks
  A wraith (Ossuary)
  A warg (D:9)
  A naga (Lair:3)
  A water moccasin (D:10)
  2 porcupines
  3 sky beasts
  2 phantoms
  10 wolves
  3 ogres
  2 crocodiles
  4 big kobolds (D:8)
  4 bullfrogs
  Blork the orc (D:9)
  2 scorpions (D:10)
  3 killer bees (D:10)
  A vampire bat (Lair:1)
  2 howler monkeys (D:7)
  4 crimson imps
  A centaur zombie (D:7)
  A jelly (D:7)
  4 orc priests
  A bullfrog skeleton (D:5)
  2 iguanas
  2 worker ants
  3 orc wizards
  3 hell rats (Lair:2)
  A hound zombie (D:5)
  3 worker ant zombies
  3 adders
  A river rat (Lair:2)
  A spectral adder (D:7)
  2 leopard geckos (D:9)
  4 orcs
  A ball python (Temple)
  A giant cockroach (D:6)
  3 jackals
  2 kobolds (D:8)
  A quokka (D:9)
  2 bats (Lair:1)
  A gnoll zombie (Ossuary)
  3 hobgoblin zombies
  A jackal zombie (D:6)
  An orc skeleton (D:6)
  An orc zombie (Ossuary)
107 creatures vanquished.

Vanquished Creatures (others)
  An orc warrior (D:9)
  14 hexers
  7 ancestors
  2 fungi (Lair:2)
  3 plants (D:9)
  10 spectral weapons
37 creatures vanquished.

Grand Total: 369 creatures vanquished

Notes
Turn   | Place    | Note
-------+----------+-------------------------------------------
     0 | D:1      | MalarOregon the Merfolk Skald began the quest for the Orb.
     0 | D:1      | Reached XP level 1. HP: 16/16 MP: 3/3
    80 | D:1      | You fall through a shaft!
    95 | D:2      | Found a white marble altar of Elyvilon.
   357 | D:1      | Reached skill level 3 in Fighting
   357 | D:1      | Reached XP level 2. HP: 20/24 MP: 5/5
  1193 | D:2      | Found a radiant altar of Vehumet.
  1414 | D:3      | Reached XP level 3. HP: 24/30 MP: 6/6
  1414 | D:3      | Noticed Ijyb
  1526 | D:2      | Learned a level 3 spell: Spectral Weapon
  1652 | D:3      | Reached skill level 4 in Fighting
  1690 | D:3      | Killed Ijyb
  1842 | D:3      | Reached XP level 4. HP: 33/38 MP: 7/7
  1860 | D:3      | Noticed Natasha
  2207 | D:3      | Killed Natasha
  2207 | D:3      | Reached skill level 5 in Fighting
  2403 | D:3      | Noticed Natasha
  2417 | D:3      | Killed Natasha
  2417 | D:3      | Reached XP level 5. HP: 17/44 MP: 5/8
  3142 | D:3      | Reached skill level 6 in Fighting
  3366 | D:3      | Found a shadowy altar of Dithmenos.
  3425 | D:3      | Noticed Natasha
  3441 | D:3      | Killed Natasha
  3666 | D:4      | Reached XP level 6. HP: 35/53 MP: 9/9
  3879 | D:4      | Found a glowing silver altar of Zin.
  3915 | D:4      | Found a blossoming altar of Fedhas.
  4017 | D:4      | Found a hazy altar of Hepliaklqana.
  4191 | D:4      | Became a worshipper of Hepliaklqana the Forgotten
  4493 | D:5      | Entered Level 5 of the Dungeon
  4503 | D:5      | Noticed a sky beast
  4519 | D:5      | Killed a sky beast
  4519 | D:5      | Reached skill level 7 in Fighting
  4750 | D:5      | Noticed a phantom
  4792 | D:5      | Killed a phantom
  4792 | D:5      | Reached skill level 8 in Fighting
  4792 | D:5      | Reached XP level 7. HP: 32/55 MP: 7/10
  4941 | D:5      | Found a staircase to the Ecumenical Temple.
  4947 | Temple   | Entered the Ecumenical Temple
  5280 | D:5      | Reached skill level 9 in Fighting
  5426 | D:5      | Reached XP level 8. HP: 34/64 MP: 4/11
  5489 | D:5      | Reached skill level 10 in Fighting
  6094 | D:5      | Learned a level 3 spell: Regeneration
  6117 | D:5      | Reached skill level 11 in Fighting
  6233 | D:6      | Noticed Edmund
  6259 | D:5      | Killed Edmund
  6583 | D:6      | Reached skill level 12 in Fighting
  6583 | D:6      | Reached XP level 9. HP: 34/73 MP: 12/12
  6801 | D:6      | Found a glowing golden altar of the Shining One.
  6966 | D:6      | Found an ornate altar of the Wu Jian Council.
  7034 | D:6      | Found a sacrificial altar of Ru.
  7035 | D:6      | Found a sparkling altar of Nemelex Xobeh.
  7035 | D:6      | Found a basalt altar of Yredelemnul.
  7037 | D:6      | Found a glowing golden altar of the Shining One.
  7045 | D:6      | Reached * piety under Hepliaklqana
  7501 | D:7      | HP: 3/75 [spriggan baker/+0 dagger (12)]
  7506 | D:7      | Reached skill level 13 in Fighting
  8538 | D:7      | Found a bloodstained altar of Trog.
  8884 | D:7      | Reached skill level 5 in Dodging
  9142 | D:7      | Found a runed translucent gate.
  9142 | D:7      | Found a runed translucent gate.
  9142 | D:7      | Found a runed translucent gate.
  9143 | D:7      | Noticed MalarOregon's ghost (novice MfNe)
  9244 | D:7      | Killed MalarOregon's ghost
  9656 | D:8      | Found a sand-covered staircase.
  9661 | Ossuary  | Entered an ossuary
  9670 | Ossuary  | Reached ** piety under Hepliaklqana
  9671 | Ossuary  | Remembered your ancestor Ilshubani as a hexer
  9756 | Ossuary  | Reached XP level 10. HP: 10/82 MP: 8/13
 10748 | D:8      | Noticed a kobold demonologist
 10775 | D:8      | Noticed an orange demon
 10836 | D:8      | Killed a kobold demonologist
 10836 | D:8      | Reached skill level 10 in Dodging
 11048 | D:8      | Found Wywkukke's Book Boutique.
 11049 | D:8      | Found a shattered altar of Ashenzari.
 11317 | D:9      | Noticed a two-headed ogre
 11317 | D:9      | Noticed a two-headed ogre
 11354 | D:9      | Noticed Grum
 12082 | D:9      | Killed Grum
 12241 | D:9      | Killed a two-headed ogre
 12241 | D:9      | Reached skill level 5 in Spellcasting
 12319 | D:9      | Found Suybb's Assorted Antiques.
 12324 | D:9      | Bought a scroll labeled IHOUHA YKUHEW for 27 gold pieces
 12324 | D:9      | Bought a scroll labeled ISIUNA BOENTUDD for 27 gold pieces
 12324 | D:9      | Bought a scroll of identify for 54 gold pieces
 12324 | D:9      | Bought a scroll of identify for 54 gold pieces
 12587 | D:9      | Found a staircase to the Orcish Mines.
 12587 | D:9      | Found Ufiazuk's Weapon Shoppe.
 12727 | D:9      | Reached XP level 11. HP: 86/88 MP: 21/21
 12755 | D:9      | Learned a level 2 spell: Sticks to Snakes
 12772 | D:9      | Reached *** piety under Hepliaklqana
 12819 | D:9      | Noticed Blork the orc
 12837 | D:9      | Killed Blork the orc
 12841 | D:9      | Found a deep blue altar of Sif Muna.
 13009 | D:10     | Entered Level 10 of the Dungeon
 13157 | D:10     | Found a staircase to the Lair.
 13161 | D:10     | Noticed Fannar
 13361 | D:9      | Killed Fannar
 13529 | D:9      | Killed a two-headed ogre
 13784 | D:10     | Noticed a two-headed ogre
 15652 | Lair:1   | Entered Level 1 of the Lair of Beasts
 15710 | D:10     | Reached skill level 10 in Spellcasting
 15715 | D:10     | HP: 4/88 [yak (12)]
 15854 | Lair:1   | Found a transporter.
 16240 | Lair:1   | Got a steaming trident
 16244 | Lair:1   | Noticed Joseph
 16261 | Lair:1   | Killed Joseph
 16268 | Lair:1   | Noticed Purph's ghost (journeyman MiBe)
 16289 | Lair:1   | Found a transporter.
 16882 | Lair:1   | Reached **** piety under Hepliaklqana
 16975 | Lair:1   | Reached XP level 12. HP: 38/94 MP: 24/27
 17269 | Lair:2   | Reached skill level 5 in Polearms
 17635 | Lair:2   | Noticed a six-headed hydra
 17802 | Lair:2   | Identified the +3 trident of Edeb {venom, rElec rPois MR+}
                  | (You found it on level 1 of the Lair of Beasts)
 18783 | Lair:3   | Reached skill level 10 in Polearms
 18821 | Lair:3   | Noticed a six-headed hydra
 18891 | Lair:3   | Noticed an eight-headed hydra
 19174 | Lair:3   | Found a staircase to the Swamp.
 19332 | Lair:3   | HP: 4/94 [six-headed hydra (6)]
 19335 | Lair:3   | Slain by a six-headed hydra

Skill      XL: |  1  2  3  4  5  6  7  8  9 10 11 12 |
---------------+-------------------------------------+-----
Fighting       | 3 4 5 6 8 9 12 13 | 13.1
Dodging        | 9 10 | 10.7
Spellcasting   | 7 11 | 11.2
Polearms       | 11 | 11.7
Armour         | |  0.6
Charms         | |  3.2

Action                   |  1- 3 |  4- 6 |  7- 9 | 10-12 || total
-------------------------+-------+-------+-------+-------++-------
Melee: Spear             |   131 |   203 |   505 |  1207 ||  2046
       Tailslap          |     1 |       |       |     1 ||     2
       Trident           |       |       |       |   155 ||   155
 Cast: Spectral Weapon   |       |     4 |    19 |    32 ||    55
       Regeneration      |       |       |     3 |    39 ||    42
Invok: Ancestor Life: He |       |       |     1 |       ||     1
       Ancestor Identity |       |       |     1 |       ||     1
       Recall Ancestor   |       |       |       |     2 ||     2
Evoke: Wand              |       |       |       |     9 ||     9
  Use: Potion            |       |     2 |     6 |     3 ||    11
       Scroll            |       |     8 |     3 |     4 ||    15
 Stab: Sleeping          |     1 |       |     1 |     1 ||     3
       Distracted        |       |     1 |     6 |    13 ||    20
       Confused          |       |       |       |    22 ||    22
  Eat: Chunk             |     3 |     9 |    17 |    27 ||    56
       Ration            |       |       |     1 |     3 ||     4
Armor: Leather armour    |    30 |    48 |    82 |    32 ||   192
       Skin              |       |       |    25 |    40 ||    65
       Troll leather arm |       |       |       |   135 ||   135
Dodge: Dodged            |    70 |    77 |   213 |  1024 ||  1384
